AoeStats
← heisenberg

Arabia

510307914Analyzed
1v1 RM · 13h ago on Sep 30, 2026· 74m 40s· 2 players
Game mode
Random Map
Map size
Tiny (2 player)
Population
200
Speed
Normal
Resources
Standard
Victory
Conquest
Starting age
Dark Age
Ending age
Imperial Age
RankedLock teamsTeams togetherTeam positionsShared explorationLock speedFull tech treeHidden civsTurbo modeCheats
Victory
Defeat
🇨🇭 Varangians · Switzerland
1040
+17
🇩🇪 Ethiopians · Germany
1070
-17
heisenberg
6:15 Loom
9:23 Feudal Age
10:25 Double-Bit Axe
19:49 Castle Age
19:06 Wheelbarrow
19:21 Horse Collar
20:10 Bloodlines
21:42 Forging
21:38 Scale Barding Armor
22:03 Bow Saw
26:50 Town Watch
28:08 Iron Casting
28:44 Gold Mining
31:07 Hand Cart
30:53 Town Patrol
32:04 Stone Mining
36:52 Chain Barding Armor
36:23 Fletching
39:27 Imperial Age
39:09 Bodkin Arrow
40:47 Husbandry
41:22 Elite Jarl
41:38 Light Cavalry
42:37 Heavy Plow
43:46 Blast Furnace
43:30 Conscription
42:38 Gothikon
42:46 Vendel Legacy
44:43 Masonry
46:01 Conscription
45:05 Hussar
47:41 Plate Barding Armor
47:07 Bracer
51:53 Cavalier
54:04 Vendel Legacy
59:11 Scale Mail Armor
60:07 Herbal Medicine
62:31 Elite Varangian Guard
63:12 Squires
64:19 Guilds
69:14 Chain Mail Armor
73:13 Stone Shaft Mining
73:15 Plate Mail Armor
arkero97
6:33 Loom
8:54 Feudal Age
9:54 Double-Bit Axe
12:43 Horse Collar
19:11 Wheelbarrow
21:59 Castle Age
20:14 Gold Mining
21:05 Padded Archer Armor
20:57 Fletching
23:07 Stone Mining
22:40 Crossbowman
24:06 Bow Saw
25:00 Bodkin Arrow
26:15 Leather Archer Armor
28:17 Ballistics
30:29 Heavy Plow
36:28 Imperial Age
35:05 Hand Cart
34:42 Town Watch
36:02 Scale Mail Armor
36:55 Onager
38:48 Chemistry
38:10 Bracer
41:36 Ring Archer Armor
42:11 Arbalester
43:02 Thumb Ring
44:35 Conscription
47:20 Masonry
47:17 Siege Engineers
47:23 Masonry
49:33 Halberdier
60:59 Two-Man Saw
61:18 Squires
61:04 Arson
61:32 Forging
61:38 Chain Mail Armor
73:50 Plate Mail Armor
Connection lost

Rejoining the realm…

Still unreachable

The connection could not be restored.

Session expired

The server has moved on; the page needs a fresh start.